 Dungeon Sprint DCSS version 0.27-a0-1572-gacd6f1ce93 (webtiles) character file.

Game seed: 1267744320511789016

15960 Conn the Scorcher (level 12, -4/72 HPs)
             Began as an Octopode Fire Elementalist on July 17, 2021.
             Was the Champion of Sif Muna.
             Slain by a death drake (7 damage)
             ... in the Dungeon (Sprint III: "The Ten Rune Challenge").
             The game lasted 00:27:52 (4334 turns).

Conn the Scorcher (Octopode Fire Elementalist)      Turns: 4334, Time: 00:27:53

Health: -4/72      AC:  1    Str:  8    XL:     12   Next: 32%
Magic:  4/29       EV: 15    Int: 22    God:    Sif Muna [******]
Gold:   4953       SH:  4    Dex: 12    Spells: 4/38 levels left

rFire    x . .     SeeInvis +   v - +6 battleaxe "Joxzieqi" {elec, rF- rC+ rCorr SInv}
rCold    + . .     Faith    .   (shield currently unavailable)
rNeg     . . .     Spirit   .   (helmet restricted)
rPois    +         Reflect  .   (no amulet)
rElec    .         Harm     .   (no ring)
rCorr    +         Rampage  .   (no ring)
Will     .....     Rnd*Rage +   (no ring) Stlth +++++.....NoTele +
                                (no ring)
HPRegen  0.22/turn              (no ring)
MPRegen  0.21/turn              (no ring)
                                (no ring)
                                (no ring)

@: lethally poisoned (-4 -> -14), slowed, very slow
A: almost no armour, amphibious, 8 rings, camouflage 1, gelatinous body 1,
(nimble swimmer 1), tentacles, antennae 1, large bone plates 1, berserk 1,
poison resistance
a: Renounce Religion, Channel Magic, Forget Spell, Divine Exegesis


You were in the Dungeon.
You worshipped Sif Muna.
Sif Muna was exalted by your worship.
You visited 1 branch You collected 4953 gold pieces.

Inventory:

Hand Weapons
 j - a +4 quarterstaff of chaos
 u - the +9 short sword of Jithrita {venom, rPois Stlth+}
   (You took it off a deep elf high priest in the Dungeon)

   It poisons the flesh of those it strikes.
   rPois:     It protects you from poison.
   Stlth:     It makes you more stealthy.
 v - the +6 battleaxe "Joxzieqi" (weapon) {elec, rF- rC+ rCorr SInv}
   (You took it off a deep elf demonologist in the Dungeon)

   It occasionally discharges a powerful burst of electricity upon striking a
   foe.
   rF:        It makes you vulnerable to fire.
   rC:        It protects you from cold.
   SInv:      It lets you see invisible.
   rCorr:     It protects you from acid and corrosion.
 w - the +8 fustibalus of Gozag's Anger {freeze, rCorr Stlth+}
   (You found it in the Dungeon)

   Any ammunition fired from it freezes those it strikes, dealing additional
   cold damage.
   It can also slow down cold-blooded creatures.
   rCorr:     It protects you from acid and corrosion.
   Stlth:     It makes you more stealthy.
Magical Staves
 z - a staff of conjuration
Jewellery
 t - a ring of magical power
 x - a ring of positive energy
 y - the ring "Ynyar Dafi" {*Corrode Fly rC+ Slay+5}
   (You found it in the Dungeon)

   [ring of protection from cold]

   Slay:      It affects your accuracy & damage with ranged weapons and melee
   (+5).
   rC:        It protects you from cold.
   Fly:       It grants you flight.
   *Corrode:  It may corrode you when you take damage.
Wands
 p - a wand of paralysis (13)
 A - a wand of mindburst (9)
Scrolls
 f - a scroll of blinking
 k - a scroll of immolation
 l - 2 scrolls of identify
 s - 7 scrolls of amnesia
Potions
 a - a potion of curing
 b - 2 potions of heal wounds
 c - a potion of haste
 d - 2 potions of magic
 e - a potion of berserk rage
 h - 4 potions of flight
 i - a potion of attraction {unknown}
 n - a potion of cancellation {unknown}
 o - 3 potions of mutation
 r - a potion of invisibility {unknown}
Miscellaneous
 q - a piece from Xom's chessboard (15/15)


   Skills:
 + Level 2.9 Fighting
 + Level 1.8 Short Blades
 + Level 1.4 Axes
 + Level 4.2 Staves
 + Level 6.7 Dodging
 + Level 8.7 Stealth
 + Level 2.0 Shields
 + Level 13.7 Spellcasting
 + Level 12.9 Conjurations
 + Level 1.4 Hexes
 + Level 4.8 Summonings
 + Level 16.1 Fire Magic
 - Level 10.9 Air Magic
 - Level 7.5 Invocations


You had 4 spell levels left.
You knew the following spells:

 Your Spells              Type           Power      Damage    Failure   Level
a - Foxfire               Conj/Fire      100%       2x1d9     0%          1
b - Conjure Flame         Conj/Fire      68%        6-21      1%          3
c - Inner Flame           Hex/Fire       52%        N/A       1%          3
d - Sticky Flame          Conj/Fire      68%        2d8       1%          4
e - Fireball              Conj/Fire      34%        3d14      1%          5
f - Airstrike             Air            29%        N/A       1%          4
g - Summon Lightning Spi  Summ/Air       49%        N/A       1%          4
h - Iskenderun's Mystic   Conj/Tloc      43%        2d10      3%          4
i - Starburst             Conj/Fire      34%        8x6d10    1%          6

Your spell library contained the following spells:

 Spells                   Type           Power      Damage    Failure   Level
 Shock                    Conj/Air       100%       1d9       1%          1
 Summon Small Mammal      Summ           100%       N/A       1%          1
 Static Discharge         Conj/Air       61%        N/A       1%          2
 Dazzling Flash           Conj/Hex       92%        N/A       1%          3
 Swiftness                Air            58%        N/A       1%          3
 Corona                   Hex            23%        N/A       2%          1
 Fulminant Prism          Conj/Hex       23%        3d13      2%          4
 Beastly Appendage        Tmut           30%        N/A       4%          1
 Ensorcelled Hibernation  Hex/Ice        36%        N/A       4%          2
 Passwall                 Tmut/Erth      12%        N/A       6%          2
 Confusing Touch          Hex            21%        N/A       7%          3
 Tukima's Dance           Hex            21%        N/A       7%          3
 Portal Projectile        Hex/Tloc       36%        N/A       10%         3
 Cause Fear               Hex            10%        N/A       22%         4
 Passage of Golubria      Tloc           N/A        N/A       38%         4
 Lightning Bolt           Conj/Air       30%        1d47      1%          5
 Freezing Cloud           Conj/Ice/Air   25%        6-21      4%          5
 Conjure Ball Lightning   Conj/Air       30%        3x3d10    4%          6
 Summon Mana Viper        Hex/Summ       28%        N/A       30%         5
 Ignition                 Fire           36%        3d11      34%         8
 Shadow Creatures         Summ           N/A        N/A       65%         6
 Alistair's Intoxication  Tmut/Pois      10%        N/A       75%         5
 Blade Hands              Tmut           7%         N/A       75%         5
 Maxwell's Capacitive Co  Air            29%        ∞         97%         8
 Invisibility             Hex            10%        N/A       98%         6
 Storm Form               Tmut/Air       19%        N/A       98%         7
 Eringya's Noxious Bog    Tmut/Pois      7%         N/A       99%         6
 Malign Gateway           Summ/Tloc      12%        N/A       100%        7
 Discord                  Hex            10%        N/A       100%        8
 Summon Horrible Things   Summ           18%        N/A       100%        8
 Chain Lightning          Conj/Air       30%        3d40      100%        9


Dungeon Overview and Level Annotations

Branches:
Dungeon (1/1)

Altars:
Cheibriados
Dithmenos
Elyvilon
Fedhas
Gozag
Hepliaklqana
Kikubaaqudgha
Makhleb
Nemelex Xobeh
Okawaru
Qazlal
Ru
Sif Muna
Trog
Uskayaw
Vehumet
Wu Jian
Xom
Yredelemnul
Zin
The Shining One
Beogh
Jiyva
Lugonu

Shops:
D (


Innate Abilities, Weirdness & Mutations

You cannot wear most types of armour.
You are amphibious.
You can wear up to eight rings at the same time.
Your skin changes colour to match your surroundings (Stealth+).
Your rubbery body absorbs attacks. (AC +1, EV +1)
((You are camouflaged near water. (Stealth+)))
You have tentacles for arms and can constrict up to eight enemies at once.
You have a pair of small antennae on your head.
You are partially covered in large bone plates. (SH +4)
You tend to lose your temper in combat.
Your system is resistant to poisons. (rPois)


Message History

Okay, then.
Okay, then.
Unknown command.
Unknown command.
Unknown command.
You are engulfed in dark miasma.
You feel as though you will be slow longer.
The plant is engulfed in blazing flames. x2
A nearby plant withers and dies.
The plant is engulfed in dark miasma.
The plant is poisoned.
The death drake is engulfed in blazing flames.
Unknown command.
You closely miss the death drake.
The death drake is almost dead.
You are engulfed in dark miasma.
The plant is engulfed in blazing flames.
A nearby plant withers and dies.
The plant is engulfed in dark miasma.
A nearby plant withers and dies.
You block the death drake's attack. The death drake misses you.
The death drake breathes miasma at you. The foul vapour misses you.
The death drake misses you.
You barely miss the death drake.
The death drake is almost dead.
The death drake misses you. The death drake bites you. x2
You closely miss the death drake.
The death drake is almost dead.
The death drake misses you. The death drake breathes miasma at you.
The foul vapour engulfs you!
You are poisoned.
The death drake closely misses you.
You hit the death drake.
The death drake is almost dead.
You feel extremely sick. The death drake bites you!
* * * LOW HITPOINT WARNING * * *
The death drake bites you.
* * * LOW HITPOINT WARNING * * *
The death drake bites you!
You die...

'#[....# ##.####################
.#§###########################
.#.§§≈§'.#.'†.†'.#.#.#.'...≈≈#
.#[#§§§#.#.#...##.#.#.##...≈≈###
.'.#§§.#.#.#)).#.#.#.#.#...≈≈≈≈#
.#.#§.§#...#.).##.#.#.##...≈≈≈≈#
▓▓▓▓▓▓▓▓▓▓▓▓▓▓▓#.#°#.#.#.......#
......≈≈§☼○°##°#.#.##.......#
≈≈≈≈≈≈≈≈☼§○°k@#.#.#.#.......#
♣♣...§..♣§○°##°#.#.##########
♣..k...♣♣♣♣##+##### ♣♣.§§..♣
≈≈≈≈§≈.. #≈≈≈≈§... #+≈≈≈≈☼##


You could see a death drake (catching breath).

Vanquished Creatures
  A deep elf blademaster (D)
  4 deep elf demonologists (D)
  A deep elf death mage (D)
  A deep elf high priest (D)
  A hydra (D)
  A centaur warrior (D)
  Erica (D)
  An orc high priest (D)
  A deep elf knight (D)
  4 deep elf pyromancers (D)
  A deep elf zephyrmancer (D)
  An orc sorcerer (D)
  An unseen horror (D)
  A queen bee (D)
  2 wandering mushrooms (D)
  A shadow (D)
  A spatial vortex (D)
  An orc warrior (D)
  A necrophage (D)
  2 centaurs (D)
  An earth elemental (D)
  A water elemental (D)
  27 killer bees (D)
  An electric eel (D)
  A jelly (D)
  Crazy Yiuf (D)
  2 orc priests (D)
  A wizard (D)
  2 orc wizards (D)
  A necromancer (D)
  A kobold demonologist (D)
  3 humans (D)
  11 orcs (D)
  4 rats (D)
85 creatures vanquished.

Vanquished Creatures (collateral kills)
  5 killer bees (D)
  3 foxfires (D)
8 creatures vanquished.

Vanquished Creatures (others)
  A hydra (D)
  105 foxfires (D)
  4 plants (D)
110 creatures vanquished.

Grand Total: 203 creatures vanquished

Notes
Turn   | Place    | Note
-------+----------+-------------------------------------------
     0 | D        | Conn the Octopode Fire Elementalist began the quest for the
                  | Orb.
     0 | D        | Reached XP level 1. HP: 11/11 MP: 3/3
    82 | D        | Noticed Crazy Yiuf
   101 | D        | Reached skill level 5 in Fire Magic
   101 | D        | Reached XP level 2. HP: 10/17 MP: 0/5
   119 | D        | Killed Crazy Yiuf
   120 | D        | Reached XP level 3. HP: 14/21 MP: 0/7
   266 | D        | Gained mutation: Your system is resistant to poisons.
                  | (rPois) [potion of mutation]
   266 | D        | Gained mutation: You have a pair of small antennae on your
                  | head. [potion of mutation]
   266 | D        | Gained mutation: You tend to lose your temper in combat.
                  | [potion of mutation]
   266 | D        | Gained mutation: You are partially covered in large bone
                  | plates. (SH +4) [potion of mutation]
   272 | D        | Noticed a water elemental
   287 | D        | Killed a water elemental
   288 | D        | Reached skill level 7 in Fire Magic
   288 | D        | Reached XP level 4. HP: 27/27 MP: 6/10
   329 | D        | Found a radiant altar of Vehumet.
   329 | D        | Found a shimmering blue altar of Sif Muna.
   329 | D        | Found an ancient bone altar of Kikubaaqudgha.
   329 | D        | Noticed a wizard
   335 | D        | Learned a level 3 spell: Conjure Flame
   339 | D        | Learned a level 3 spell: Inner Flame
   344 | D        | Learned a level 4 spell: Sticky Flame
   348 | D        | Found a hide-covered altar of Uskayaw.
   348 | D        | Found an iron altar of Okawaru.
   348 | D        | Found a bloodstained altar of Trog.
   348 | D        | Found an ornate altar of the Wu Jian Council.
   348 | D        | Noticed a human
   350 | D        | Noticed a human
   363 | D        | Killed a human
   363 | D        | Killed a human
   364 | D        | Reached skill level 5 in Dodging
   364 | D        | Reached skill level 5 in Spellcasting
   364 | D        | Reached skill level 10 in Fire Magic
   364 | D        | Reached XP level 5. HP: 31/31 MP: 2/13
   364 | D        | Reached XP level 6. HP: 36/36 MP: 2/14
   456 | D        | Learned a level 5 spell: Fireball
   473 | D        | Became a worshipper of Sif Muna the Loreminder
   495 | D        | Found a glowing silver altar of Zin.
   495 | D        | Found a glowing golden altar of the Shining One.
   495 | D        | Found a white marble altar of Elyvilon.
   495 | D        | Noticed a deep elf pyromancer
   503 | D        | Killed a deep elf pyromancer
   504 | D        | Reached skill level 5 in Conjurations
   504 | D        | Reached skill level 1 in Hexes
   504 | D        | Reached skill level 11 in Fire Magic
   504 | D        | Reached XP level 7. HP: 26/41 MP: 1/17
   504 | D        | Reached XP level 8. HP: 29/46 MP: 1/18
   624 | D        | Learned a level 4 spell: Airstrike
   625 | D        | Found a basalt altar of Yredelemnul.
   625 | D        | Found a shadowy altar of Dithmenos.
   625 | D        | Found a sacrificial altar of Ru.
   629 | D        | Reached * piety under Sif Muna
   630 | D        | Reached skill level 1 in Air Magic
   691 | D        | Noticed a shadow
   693 | D        | Killed a shadow
   694 | D        | Reached skill level 12 in Fire Magic
   768 | D        | Found a blossoming altar of Fedhas.
   768 | D        | Found a stormy altar of Qazlal.
   769 | D        | Found a snail-covered altar of Cheibriados.
   769 | D        | Found a burning altar of Makhleb.
   769 | D        | Found a hazy altar of Hepliaklqana.
   769 | D        | Found a shimmering altar of Xom.
   769 | D        | Found an opulent altar of Gozag.
   769 | D        | Found a sparkling altar of Nemelex Xobeh.
   769 | D        | Found a corrupted altar of Lugonu.
   769 | D        | Found a viscous altar of Jiyva.
   782 | D        | Reached skill level 1 in Shields
   837 | D        | Noticed Erica
   868 | D        | Killed Erica
   868 | D        | Reached ** piety under Sif Muna
   869 | D        | Reached skill level 1 in Fighting
   869 | D        | Reached XP level 9. HP: 53/53 MP: 11/21
  1172 | D        | Noticed an orc sorcerer
  1174 | D        | Killed an orc sorcerer
  1174 | D        | Reached *** piety under Sif Muna
  1175 | D        | Reached skill level 5 in Air Magic
  1178 | D        | Noticed an orc high priest
  1179 | D        | Reached **** piety under Sif Muna
  1333 | D        | Noticed a red devil
  1333 | D        | Noticed an orange demon
  1335 | D        | Killed an orc high priest
  1336 | D        | Reached skill level 13 in Fire Magic
  1336 | D        | Reached skill level 5 in Invocations
  1367 | D        | Reached ***** piety under Sif Muna
  1367 | D        | Received a gift from Sif Muna
  1368 | D        | Got Sif Muna's Grimoire of Aerial Companions {god gift}
  1374 | D        | Learned a level 4 spell: Summon Lightning Spire
  1566 | D        | Found Sageuwadgh's Weapon Shoppe.
  1604 | D        | Noticed a deep elf pyromancer
  1604 | D        | Noticed a deep elf pyromancer
  1604 | D        | Noticed a deep elf zephyrmancer
  1604 | D        | Noticed a deep elf pyromancer
  1604 | D        | Noticed a deep elf knight
  1740 | D        | Killed a deep elf pyromancer
  1741 | D        | Reached skill level 1 in Summonings
  1741 | D        | Reached XP level 10. HP: 60/60 MP: 7/23
  1747 | D        | Killed a deep elf pyromancer
  1747 | D        | Killed a deep elf zephyrmancer
  1748 | D        | Reached skill level 10 in Spellcasting
  1751 | D        | Killed a deep elf knight
  1751 | D        | Killed a deep elf pyromancer
  1818 | D        | Noticed a deep elf demonologist
  1819 | D        | Noticed a Hell Sentinel
  1819 | D        | Identified the +6 battleaxe "Joxzieqi" {elec, rF- rC+ rCorr
                  | SInv}
  1819 | D        | Identified the +1 robe of Moral Flaws {*Slow Slay+5}
  1819 | D        | Noticed a deep elf demonologist
  1820 | D        | Noticed a Tzitzimitl
  2003 | D        | Noticed a deep elf demonologist
  2009 | D        | Killed a deep elf demonologist
  2009 | D        | Received a gift from Sif Muna
  2010 | D        | Reached skill level 10 in Conjurations
  2010 | D        | Reached skill level 14 in Fire Magic
  2011 | D        | Noticed a deep elf blademaster
  2141 | D        | Noticed a deep elf death mage
  2151 | D        | Noticed an Ice Fiend
  2152 | D        | Noticed a soul eater
  2152 | D        | Killed a deep elf demonologist
  2153 | D        | Reached XP level 11. HP: 64/64 MP: 9/26
  2154 | D        | Identified the +9 short sword of Jithrita {venom, rPois
                  | Stlth+}
  2154 | D        | Noticed a deep elf high priest
  2373 | D        | Noticed a Brimstone Fiend
  2374 | D        | Killed a deep elf demonologist
  2423 | D        | Noticed a deep elf demonologist
  2483 | D        | Killed a deep elf death mage
  2688 | D        | Killed a deep elf demonologist
  2689 | D        | Reached skill level 15 in Fire Magic
  2824 | D        | Killed a deep elf high priest
  2825 | D        | Reached skill level 10 in Air Magic
  2928 | D        | Killed a deep elf blademaster
  2954 | D        | Identified the +8 fustibalus of Gozag's Anger {freeze,
                  | rCorr Stlth+}
  2956 | D        | Identified the ring "Ynyar Dafi" {*Corrode Fly rC+ Slay+5}
  2962 | D        | Got the Reference Book on the Compass and Transformation
  2970 | D        | Learned a level 4 spell: Iskenderun's Mystic Blast
  3055 | D        | Received a gift from Sif Muna
  3213 | D        | Noticed a centaur warrior
  3216 | D        | Killed a centaur warrior
  3217 | D        | Reached XP level 12. HP: 70/70 MP: 12/29
  3308 | D        | Reached skill level 1 in Short Blades
  3394 | D        | Learned a level 6 spell: Starburst
  3617 | D        | Received a gift from Sif Muna
  3632 | D        | Received a gift from Sif Muna
  3640 | D        | Got Sif Muna's Reference Book on Entrancing Feathers {god
                  | gift}
  3761 | D        | Got Egraone Kama's Almanac of the Birds {god gift}
  3766 | D        | Reached ****** piety under Sif Muna
  3892 | D        | Received a gift from Sif Muna
  3971 | D        | Received a gift from Sif Muna
  3972 | D        | Got Sif Muna's Disquisition on Heat and Transmigration {god
                  | gift}
  4173 | D        | Reached skill level 16 in Fire Magic
  4270 | D        | Killed a seven-headed hydra
  4274 | D        | Noticed a four-headed hydra
  4287 | D        | Killed a four-headed hydra
  4288 | D        | Reached skill level 1 in Axes
  4288 | D        | Received a gift from Sif Muna
  4289 | D        | Got Sif Muna's Catalogue of the Flying Oath {god gift}
  4334 | D        | HP: 3/72 [death drake (6)]
  4334 | D        | Slain by a death drake

Illustrated notes

Levels and vault maps discovered:
D:        dungeon_sprint_mu [sprint_mu_entry_forest, sprint_mu_temple_rooms,
          sprint_mu_d1_horrors, sprint_mu_d2_genie, sprint_mu_d3_branching,
          sprint_mu_orc_legion, sprint_mu_elf_gauntlet, sprint_mu_hive_nellie,
          sprint_mu_lair_fedhas, sprint_mu_vaults_butterflies,
          sprint_mu_slime_circle, sprint_mu_swamp_cave, sprint_mu_snake_twists,
          sprint_mu_blade_basic, sprint_mu_crypt_fortress,
          sprint_mu_tomb_spiral, sprint_mu_vestibule_basic,
          sprint_mu_gehenna_hellfire, sprint_mu_dis_giant,
          sprint_mu_tartarus_statrot, sprint_mu_cocytus_islands, sprint_mu_zot1]

Skill      XL: |  1  2  3  4  5  6  7  8  9 10 11 12 |
---------------+-------------------------------------+-----
Stealth        | 3 4 6 8 |  8.7
Fire Magic     | 5 7 10 11 12 13 14 15 16 | 16.1
Dodging        | 3 5 6 |  6.7
Spellcasting   | 3 4 5 7 8 9 11 13 | 13.7
Conjurations   | 2 4 5 7 8 10 12 | 12.9
Staves         | 2 3 4 |  4.2
Hexes          | 1 |  1.4
Air Magic      | 4 6 8 10 | 10.9
Shields        | 1 2 |  2.0
Fighting       | 1 2 |  2.9
Invocations    | 3 6 7 |  7.5
Summonings     | 1 4 |  4.8
Short Blades   | 1 |  1.8
Axes           | 1 |  1.4

Action                   |  1- 3 |  4- 6 |  7- 9 | 10-12 || total
-------------------------+-------+-------+-------+-------++-------
Melee: Quarterstaff      |       |     7 |    12 |     1 ||    20
       Constrict         |       |     2 |     1 |     2 ||     5
       Tentacles         |       |       |     3 |     1 ||     4
       Short sword       |       |       |       |     7 ||     7
       Battleaxe         |       |       |       |    16 ||    16
 Cast: Foxfire           |    14 |     3 |    24 |    19 ||    60
       Conjure Flame     |       |     1 |     1 |       ||     2
       Inner Flame       |       |     1 |     1 |       ||     2
       Fireball          |       |     3 |    18 |    80 ||   101
       Sticky Flame      |       |     1 |     1 |     6 ||     8
       Summon Lightning  |       |       |     1 |     4 ||     5
       Iskenderun's Myst |       |       |       |     4 ||     4
       Airstrike         |       |       |       |     7 ||     7
Invok: Channel Magic     |       |       |     1 |     3 ||     4
  Use: Potion            |     1 |       |       |       ||     1
       Scroll            |       |       |       |     4 ||     4
Armor: Skin              |       |       |       |     3 ||     3
Dodge: Dodged            |     4 |     2 |     7 |    48 ||    61
Block: Other             |       |     3 |       |     6 ||     9

Table legend: (Time is in decaauts)
 A = Elapsed time spent in this place.
 B = Non-inter-level travel time spent in this place.
 C = Inter-level travel time spent in this place.
 D = Time resting spent in this place.
 E = Time spent auto-exploring this place.
 F = Levels seen in this place.
 G = Mean time per level.
                   A        B        C        D        E       F      G
               +--------+--------+--------+--------+--------+-----+--------+
         Total |   4350 |   4350 |      0 |   2898 |    173 |   1 | 4350.0 |
       Dungeon |   4350 |   4350 |      0 |   2898 |    173 |   1 | 4350.0 |
               +--------+--------+--------+--------+--------+-----+--------+

Top non-repeatable levels by time:
       D: 4350 daAuts
